 Dungeon Crawl Stone Soup version 0.29-a0-284-gf9362112df (webtiles) character file.

Game seed: 7187408131023893056

63 rabbitsville the Distorting Demonspawn (level 3, -1/29 HPs)
             Began as a Demonspawn Abyssal Knight on Mar 15, 2022.
             Was a Believer of Lugonu.
             Slain by a hobgoblin (3 damage)
             ... on level 3 of the Dungeon.
             The game lasted 00:09:01 (1922 turns).

rabbitsville the Distorting Demonspawn (DsAK)       Turns: 1922, Time: 00:09:02

Health: -1/29      AC:  3    Str: 15    XL:     3   Next: 89%
Magic:  5/5        EV: 11    Int: 11    God:    Lugonu [**....]
Gold:   77         SH:  0    Dex: 13    Spells: 2/2 levels left

rFire   . . .      SeeInvis .   a - +1 hand axe
rCold   . . .      Faith    .   (no shield)
rNeg    . . .      Spirit   .   b - +0 leather armour
rPois   .          Reflect  .   (no helmet)
rElec   .          Harm     .   (no cloak)
rCorr   .          Rampage  .   (no gloves)
Will    .....                   (no boots)
Stlth   +.........              (no amulet)
HPRegen 0.09/turn               (no ring)
MPRegen 0.18/turn               (no ring)

@: no status effects
A: magic regeneration, demonic touch 1
a: Renounce Religion, Depart the Abyss, Bend Space


You were on level 3 of the Dungeon.
You worshipped Lugonu.
Lugonu was pleased with you.
You visited 1 branch of the dungeon, and saw 3 of its levels.
You visited the Abyss 1 time.

You collected 77 gold pieces.

Inventory:

Hand Weapons
 a - a +1 hand axe (weapon)
Armour
 b - a +0 leather armour (worn)
Scrolls
 c - a scroll of fog {unknown}
 d - a scroll of teleportation {unknown}
 e - a scroll of enchant weapon {unknown}
 g - a scroll of immolation {unknown}
 h - 2 scrolls of magic mapping {unknown}
 l - 2 scrolls of amnesia {unknown}
Potions
 f - a potion of attraction {unknown}
 i - a potion of cancellation {unknown}
 j - a potion of haste {unknown}
 k - a potion of might {unknown}


   Skills:
 + Level 3.4 Fighting
 * Level 2.8 Axes
 - Level 1.7 Armour
 - Level 0.8 Dodging
 * Level 3.9 Invocations


You had 2 spell levels left.
You didn't know any spells.
Your spell library contained the following spells:

 Spells                   Type           Power      Damage    Failure   Level
 Scorch                   Fire           0%         2d5       54%         2
 Flame Wave               Conj/Fire      0%         2d4       99%         4
 Summon Cactus Giant      Summ           0%         N/A       100%        6


Dungeon Overview and Level Annotations

Branches:
Dungeon (3/15)

Altars:


Innate Abilities, Weirdness & Mutations

You regenerate magic rapidly.
Your touch may inflict minor irresistible damage on your foes.


Message History

You are confused.
You barely miss the orc. Your touch misses the orc. The orc closely misses you.
You bump into the rock wall.
The orc closely misses you.
The hobgoblin hits you but does no damage.
You hit the orc but do no damage.
You touch the orc.
The orc is almost dead.
You hit the hobgoblin.
You feel less confused. The orc hits you with a +0 club.
The hobgoblin hits you.
You hit the orc but do no damage.
The orc is almost dead.
You barely miss the hobgoblin. The orc hits you with a +0 club.
The hobgoblin barely misses you.
You barely miss the orc.
The orc is almost dead.
You completely miss the hobgoblin. The orc hits you with a +0 club.
The hobgoblin hits you.
You barely miss the orc.
The orc is almost dead.
You barely miss the hobgoblin. The orc hits you with a +0 club.
The hobgoblin hits you.
The orc wizard mumbles some strange words.
The orc wizard flickers and vanishes!
Deactivating autopickup; reactivate with Ctrl-A.
You hit the orc but do no damage.
You touch the orc.
You kill the orc!
Lugonu accepts your kill.
You hit the hobgoblin. The hobgoblin barely misses you.
The hobgoblin misses you. Something hits you but does no damage.
You hear some strange, mumbled words.
A puff of flame appears from out of thin air!
The puff of flame misses you.
A puff of flame appears from out of thin air!
The puff of flame hits you!
* * * LOW HITPOINT WARNING * * *
The hobgoblin attacks as you move away! The hobgoblin misses you.
A goblin comes into view. It is wielding a +0 dagger.
There is an escape hatch in the ceiling here.
The hobgoblin hits you.
You die...

....... #>.......#
..(.... #........#
....... ###........#
o...... #..........#
....... #.#........#
.......## #.#....#
......!.####..†...##
.........).........#
.....).........g@..#
.........#.........#
..).....##...........#
........###.#...........
.(........<........!....
###.##.#...#...........g
#...........<.........
#...................
....#######.....


You could see a hobgoblin and a goblin (asleep).

Vanquished Creatures
  2 adders (D:2)
  2 dart slugs
  An orc (D:3)
  3 endoplasms
  A giant cockroach (D:1)
  4 goblins
  3 hobgoblins
  3 jackals (D:1)
  2 ball pythons
  5 bats
  A frilled lizard (D:1)
  6 kobolds
  6 rats
39 creatures vanquished.

Notes
Turn   | Place    | Note
-------+----------+-------------------------------------------
     0 | Abyss:1  | rabbitsville the Demonspawn Abyssal Knight began the quest
                  | for the Orb.
     0 | Abyss:1  | Reached XP level 1. HP: 18/18 MP: 2/2
    80 | Abyss:1  | Noticed a smoke demon
    81 | D:1      | Escaped the Abyss
   249 | D:1      | Gained mutation: Your touch may inflict minor irresistible
                  | damage on your foes. [demonic ancestry]
   249 | D:1      | Reached XP level 2. HP: 24/24 MP: 4/4
   468 | D:1      | Found a faded altar of an unknown god.
   879 | D:2      | Gained mutation: You regenerate magic rapidly. [demonic
                  | ancestry]
   879 | D:2      | Reached XP level 3. HP: 25/29 MP: 5/5
  1920 | D:3      | HP: 1/29 [something/puff of flame (8)]
  1922 | D:3      | Slain by a hobgoblin

Illustrated notes

Levels and vault maps discovered:
D:1:      erik_arrival_orb_chamber, layout_rooms,
          hellmonk_ecumenical_altar_dog_temple, solitary_fountain,
          chequers_serial_rivers_micro_b
D:2:      layout_loops_ring, kennysheep_minor_cross, grunt_decor_cap
D:3:      layout_rooms, gammafunk_ghost_abyssal_escape

Skill      XL: |  1  2 |
---------------+-------+-----
Axes           | 2 |  2.8
Invocations    | 3 |  3.9
Fighting       | |  3.4
Armour         | |  1.7
Dodging        | |  0.8

Action                   || total
-------------------------++-------
Melee: Hand axe          ||   101
       Touch             ||    16
Invok: Depart the Abyss  ||     1
Armor: Leather armour    ||    45
Dodge: Dodged            ||    79

Table legend: (Time is in decaauts)
 A = Elapsed time spent in this place.
 B = Non-inter-level travel time spent in this place.
 C = Inter-level travel time spent in this place.
 D = Time resting spent in this place.
 E = Time spent auto-exploring this place.
 F = Levels seen in this place.
 G = Mean time per level.
                   A        B        C        D        E       F      G
               +--------+--------+--------+--------+--------+-----+--------+
         Total |   1938 |   1925 |     13 |    280 |   1038 |   4 |  484.5 |
       Dungeon |   1857 |   1844 |     13 |    280 |    986 |   3 |  619.0 |
         Abyss |     81 |     81 |      0 |      0 |     52 |   1 |   81.0 |
               +--------+--------+--------+--------+--------+-----+--------+

Top non-repeatable levels by time:
     D:2: 1009 daAuts
     D:1: 794 daAuts
 Abyss:1: 81 daAuts
     D:3: 54 daAuts
